 Dungeon Crawl Stone Soup version 0.28.0-43-g3370ac3207 (webtiles) character file.

Game seed: 5847218602441911459

22697 styxcanada the Unseen (level 12, -2/58 HPs)
             Began as a Spriggan Brigand on Mar 6, 2022.
             Was an Initiate of Gozag.
             Slain by a tyrant leech (26 damage)
             ... on level 3 of the Lair of Beasts.
             The game lasted 01:27:03 (19283 turns).

styxcanada the Unseen (Spriggan Brigand)           Turns: 19283, Time: 01:27:04

Health: -2/58      AC: 13    Str:  7    XL:     12   Next: 65%
Magic:  24/24      EV: 26    Int: 17    God:    Gozag
Gold:   1421       SH: 13    Dex: 28    Spells: 18/26 levels left

rFire   + . .      SeeInvis +   E - +5 short sword (venom)
rCold   . . .      Faith    .   i - +0 buckler
rNeg    . . .      Spirit   .   y - +2 robe {Will+}
rPois   .          Reflect  .   u - +2 hat of Buteg {Will- Int+4 Dex+7}
rElec   .          Harm     .   c - +2 cloak
rCorr   .          Rampage  .   (gloves unavailable)
Will    ++...                   (boots unavailable)
Stlth   ++++......              A - amulet of the acrobat
HPRegen 0.19/turn               q - +4 ring of protection
MPRegen 0.19/turn               b - ring of protection from fire

@: studying Stealth, slow
A: very small, no large weapons, unfitting armour, see invisible, speed 3, large
bone plates 1, wild magic 1
a: Renounce Religion, Potion Petition, Call Merchant, Bribe Branch


You were on level 3 of the Lair of Beasts.
You worshipped Gozag.
Gozag was most pleased with you.
You visited 2 branches of the dungeon, and saw 14 of its levels.

You collected 3966 gold pieces.
You spent 1104 gold pieces at shops.
You paid 1441 gold pieces to Gozag.

Inventory:

Hand Weapons
 a - a +3 dagger
 h - a +0 hunting sling of freezing
 E - a +5 short sword of venom (weapon)
Missiles
 d - 49 poisoned darts (quivered)
 s - 134 sling bullets
 D - 3 curare-tipped darts
Armour
 c - a +2 cloak (worn)
 i - a +0 buckler (worn)
 u - the +2 hat of Buteg (worn) {Will- Int+4 Dex+7}
   (You acquired it on level 4 of the Dungeon)

   Int:       It affects your intelligence (+4).
   Dex:       It affects your dexterity (+7).
   Will:      It decreases your willpower.
 y - a +2 robe of willpower (worn)
 C - a scarf of resistance
Jewellery
 b - a ring of protection from fire (right hand)
 q - a +4 ring of protection (left hand)
 A - an amulet of the acrobat (around neck)
 J - a ring of ice
Wands
 e - a wand of paralysis (3)
 f - a wand of flame (4)
Scrolls
 m - 2 scrolls of enchant armour
 n - 6 scrolls of teleportation
 w - a scroll of immolation
Potions
 g - a potion of magic
 j - a potion of mutation
 k - a potion of experience {unknown}
 l - 4 potions of heal wounds
 o - 3 potions of resistance
 p - 3 potions of brilliance {unknown}
 t - a potion of cancellation {unknown}
 x - 3 potions of curing
 B - 3 potions of berserk rage {unknown}
 F - 2 potions of might
 G - 2 potions of flight {unknown}
 H - 2 potions of ambrosia {unknown}
 I - a potion of degeneration {unknown}


   Skills:
 + Level 3.7 Fighting
 + Level 6.6 Short Blades
 + Level 2.5(3.8) Slings
 + Level 3.5(3.8) Throwing
 * Level 8.6 Dodging
 * Level 20.4 Stealth
 * Level 3.5 Shields
 * Level 7.8 Spellcasting
 * Level 8.0 Hexes
 * Level 8.0 Transmutations
 * Level 0.5 Fire Magic
 * Level 5.5 Ice Magic
 * Level 2.0 Air Magic
 * Level 6.0 Poison Magic
 + Level 4.3 Evocations


You had 18 spell levels left.
You knew the following spells:

 Your Spells              Type           Power      Damage    Failure   Level
a - Ensorcelled Hibernat  Hex/Ice        76%        N/A       3%          2
b - Sting                 Tmut/Pois      100%       1d8       2%          1
c - Poisonous Vapours     Pois/Air       52%        N/A       10%         2
d - Ignite Poison         Fire/Tmut/Pois 30%        N/A       13%         3

Your spell library contained the following spells:

 Spells                   Type           Power      Damage    Failure   Level
 Passwall                 Tmut/Erth      21%        N/A       10%         2
 Olgreb's Toxic Radiance  Pois           35%        N/A       24%         4
 Animate Skeleton         Necr           16%        N/A       30%         1
 Apportation              Tloc           16%        N/A       30%         1
 Pain                     Necr           32%        1d5       30%         1
 Summon Small Mammal      Summ           32%        N/A       30%         1
 Swiftness                Air            17%        N/A       36%         3
 Sublimation of Blood     Necr           8%         N/A       41%         2
 Petrify                  Tmut/Erth      26%        N/A       45%         4
 Conjure Flame            Conj/Fire      9%         6-21      58%         3
 Vampiric Draining        Necr           8%         2d6       63%         3
 Silence                  Hex/Air        15%        N/A       67%         5
 Irradiate                Conj/Tmut      13%        3d18      80%         5
 Sticky Flame             Conj/Fire      9%         2d3       92%         4
 Passage of Golubria      Tloc           8%         N/A       95%         4
 Agony                    Necr           8%         N/A       100%        5
 Excruciating Wounds      Necr           4%         N/A       100%        5
 Lehudib's Crystal Spear  Conj/Erth      4%         10d3      100%        8
 Chain Lightning          Conj/Air       6%         3d8       100%        9
 Fire Storm               Conj/Fire      4%         8d1       100%        9
 Shatter                  Erth           4%         3d7*      100%        9


Dungeon Overview and Level Annotations

Branches:
Dungeon (11/15)            Temple (0/1) D:7            Lair (3/6) D:11
  Swamp (0/4) Lair:3       Spider (0/4) Lair:3
    Orc: D:9-12

Altars:
Cheibriados
Gozag
Hepliaklqana
Kikubaaqudgha
Makhleb
Nemelex Xobeh
Okawaru
Qazlal
Sif Muna
Trog
Wu Jian
Xom
The Shining One

Shops:
D:7 *:   Lair:1 *


Innate Abilities, Weirdness & Mutations

You are very small and have problems with some larger weapons.
You are too small for most types of armour.
You have supernaturally acute eyesight. (SInv)
You cover ground extremely quickly. (Speed+++)
You are partially covered in large bone plates. (SH +4)
Your spells are a little harder to cast, but a little more powerful.


Message History

You hit the tyrant leech.
The tyrant leech looks as sick as possible!
The tyrant leech is lightly wounded.
You block the tyrant leech's attack.
You hit the tyrant leech but do no damage.
The tyrant leech is lightly wounded.
You block the tyrant leech's attack.
You hit the tyrant leech.
The tyrant leech looks as sick as possible!
The tyrant leech is moderately wounded.
You hit the tyrant leech but do no damage.
The tyrant leech is moderately wounded.
The tyrant leech barely misses you.
You hit the tyrant leech.
The tyrant leech looks as sick as possible!
The tyrant leech is moderately wounded.
You block the tyrant leech's attack.
You barely miss the tyrant leech.
The tyrant leech is heavily wounded.
Your unstable footing causes you to fumble your attack.
You block the tyrant leech's attack.
You hit the tyrant leech.
The tyrant leech looks as sick as possible!
The tyrant leech is heavily wounded.
The tyrant leech completely misses you.
You barely miss the tyrant leech.
The tyrant leech is heavily wounded.
Your unstable footing causes you to fumble your attack.
The tyrant leech bites you!!
The tyrant leech draws strength from your injuries!
Your unstable footing causes you to fumble your attack.
The tyrant leech misses you.
You hit the tyrant leech but do no damage.
The tyrant leech looks as sick as possible!
The tyrant leech is heavily wounded.
You completely miss the tyrant leech.
The tyrant leech is heavily wounded.
The tyrant leech bites you!!
You die...
Your body crumbles into a pile of gold.

♣♣♣ ♣♣≈≈♣
♣§§§§♣♣♣#
♣§§§w@§.## #####
♣≈§§§§♣..#
#.P..♣♣♣≈♣≈♣♣.##
.......♣♣♣♣♣..#
.............##
#.............#
#..........####
...........#
#.#P##.#+.#


You could see a tyrant leech (extremely poisoned).

Vanquished Creatures
  Gastronok (Lair:1)
  A two-headed ogre (D:11)
  Pikel (D:8)
  A deep elf pyromancer (D:11)
  A deep elf zephyrmancer (D:7)
  A cyclops (D:11)
  6 elephants (Lair:2)
  A centaur zombie (D:11)
  A black mamba (Lair:2)
  4 cane toads
  2 rime drakes
  An unseen horror (D:11)
  2 komodo dragons (Lair:1)
  A troll (D:10)
  2 polar bears
  2 hornets (D:8)
  7 blink frogs (Lair:2)
  2 shadows
  6 wyverns
  37 yaks
  A basilisk (Lair:2)
  2 steam dragons (D:6)
  2 swamp worms (Lair:3)
  An orc warrior (D:10)
  6 water moccasins
  2 ice beasts
  A sky beast (D:7)
  2 black bears (Lair:1)
  A wolf (D:8)
  An ogre (D:6)
  7 centaurs
  A phantom (D:5)
  5 kobold brigands
  8 bullfrogs
  Blork the orc (D:6)
  2 gnoll sergeants (D:7)
  2 scorpions
  4 killer bees (D:11)
  11 wights
  5 howler monkeys
  An electric eel (D:8)
  2 vampire bats (D:8)
  2 hounds
  4 orc priests
  A jelly (D:5)
  Crazy Yiuf (D:5)
  A centaur skeleton (D:5)
  3 iguanas
  6 orc wizards
  3 gnolls (D:7)
  2 adders
  A shadow imp (D:5)
  3 white imps
  A howler monkey simulacrum (D:8)
  An ufetubus (D:5)
  3 worms
  3 dart slugs
  20 orcs
  6 ball pythons
  4 bats
  4 bat skeletons (D:8)
  2 bat zombies (D:8)
  9 endoplasms
  9 giant cockroaches
  6 goblins
  5 hobgoblins
  12 jackals
  30 kobolds
  3 quokkas
  2 frilled lizards
  10 rats
305 creatures vanquished.

Vanquished Creatures (collateral kills)
  An orc priest (D:7)
  An orc (D:7)
2 creatures vanquished.

Vanquished Creatures (others)
  A wyvern (D:7)
  An ice beast (D:8)
  A wight (D:7)
  9 fungi
  15 plants
27 creatures vanquished.

Grand Total: 334 creatures vanquished

Notes
Turn   | Place    | Note
-------+----------+-------------------------------------------
     0 | D:1      | styxcanada the Spriggan Brigand began the quest for the
                  | Orb.
     0 | D:1      | Reached XP level 1. HP: 10/10 MP: 2/2
     1 | D:1      | Found a runed translucent door.
    61 | D:1      | Reached skill level 6 in Stealth
   116 | D:1      | Found a faded altar of an unknown god.
   379 | D:1      | Reached XP level 2. HP: 14/14 MP: 3/3
   910 | D:1      | Reached skill level 7 in Stealth
  1510 | D:2      | Found an opulent altar of Gozag.
  1518 | D:2      | Became a worshipper of Gozag Ym Sagoz the Greedy
  1532 | D:2      | Reached XP level 3. HP: 16/18 MP: 4/4
  2746 | D:1      | Reached XP level 4. HP: 11/22 MP: 5/5
  3064 | D:3      | Learned a level 2 spell: Ensorcelled Hibernation
  3566 | D:3      | Reached XP level 5. HP: 23/26 MP: 5/7
  4260 | D:3      | Reached skill level 1 in Hexes
  4518 | D:4      | Reached skill level 8 in Stealth
  4518 | D:4      | Reached skill level 1 in Spellcasting
  4720 | D:4      | Learned a level 1 spell: Sting
  4846 | D:4      | Identified 3 scrolls of acquirement
  4846 | D:4      | Acquired the +2 hat of Buteg {Will- Int+4 Dex+7}
  5155 | D:4      | Reached XP level 6. HP: 30/30 MP: 9/9
  5235 | D:4      | Acquired 715 gold pieces
  5237 | D:4      | Acquired a +4 ring of protection
  5263 | D:5      | Entered Level 5 of the Dungeon
  5451 | D:5      | Reached skill level 1 in Ice Magic
  5765 | D:5      | Reached skill level 1 in Transmutations
  5960 | D:5      | Reached skill level 1 in Poison Magic
  5960 | D:5      | Reached XP level 7. HP: 35/35 MP: 10/10
  6463 | D:5      | Found a runed translucent door.
  6464 | D:5      | Noticed Crazy Yiuf
  6511 | D:5      | Killed Crazy Yiuf
  6886 | D:6      | Identified the +1 leather armour of Ycwuon Ruel {+Blink}
  6896 | D:6      | Noticed a steam dragon
  6899 | D:6      | Killed a steam dragon
  6900 | D:6      | Reached skill level 9 in Stealth
  6909 | D:6      | Found an opulent altar of Gozag.
  7238 | D:6      | Noticed Blork the orc
  7246 | D:6      | Killed Blork the orc
  7414 | D:6      | Found a stormy altar of Qazlal.
  7416 | D:6      | Noticed a water elemental
  7422 | D:6      | Noticed an air elemental
  7422 | D:6      | Noticed a fire elemental
  7604 | D:6      | Noticed a steam dragon
  7616 | D:6      | Killed a steam dragon
  7617 | D:6      | Reached XP level 8. HP: 39/39 MP: 8/13
  7892 | D:7      | Reached skill level 10 in Stealth
  7953 | D:7      | Found Xisebacs's Book Shoppe.
  7973 | D:7      | Bought a manual of Stealth for 960 gold pieces
  8124 | D:7      | Found a bloodstained altar of Trog.
  8157 | D:7      | Noticed a deep elf zephyrmancer
  8506 | D:7      | Killed a deep elf zephyrmancer
  8507 | D:7      | Reached skill level 5 in Dodging
  8507 | D:7      | Reached skill level 11 in Stealth
  8519 | D:7      | Learned a level 2 spell: Poisonous Vapours
  9151 | D:7      | Found a burning altar of Makhleb.
  9155 | D:7      | Found a snail-covered altar of Cheibriados.
  9156 | D:7      | Found a hazy altar of Hepliaklqana.
  9239 | D:7      | Reached skill level 1 in Slings
  9239 | D:7      | Reached XP level 9. HP: 44/44 MP: 16/16
  9325 | D:7      | Reached skill level 12 in Stealth
  9494 | D:7      | Found a staircase to the Ecumenical Temple.
  9662 | D:7      | Bought a scroll labelled NYXTU DIUKIMIE for 27 gold pieces
  9662 | D:7      | Bought 2 sapphire potions for 48 gold pieces
  9662 | D:7      | Bought a scroll labelled TUOKHL WULETAO for 27 gold pieces
 10285 | D:8      | Noticed Pikel
 10359 | D:8      | Killed Pikel
 10360 | D:8      | Reached skill level 13 in Stealth
 10360 | D:8      | Reached skill level 5 in Transmutations
 11539 | D:8      | Noticed a polar bear
 11560 | D:8      | Killed a polar bear
 11561 | D:8      | Reached skill level 5 in Spellcasting
 11561 | D:8      | Reached skill level 1 in Air Magic
 11561 | D:8      | Reached skill level 1 in Evocations
 11712 | D:8      | Reached skill level 14 in Stealth
 11712 | D:8      | Reached XP level 10. HP: 49/49 MP: 11/18
 11815 | D:8      | Reached skill level 5 in Hexes
 12122 | D:8      | Reached skill level 15 in Stealth
 13070 | D:8      | Found a sparkling altar of Nemelex Xobeh.
 13133 | D:8      | Gained mutation: You are partially covered in large bone
                  | plates. (SH +4) [potion of mutation]
 13133 | D:8      | Gained mutation: Your spells are a little harder to cast,
                  | but a little more powerful. [potion of mutation]
 13172 | D:8      | Found an ancient bone altar of Kikubaaqudgha.
 13767 | D:9      | Found an iron altar of Okawaru.
 13882 | D:9      | Reached skill level 5 in Short Blades
 14290 | D:9      | Found a shimmering blue altar of Sif Muna.
 14488 | D:10     | Entered Level 10 of the Dungeon
 14527 | D:10     | Found a glowing golden altar of the Shining One.
 15094 | D:10     | Found a shimmering altar of Xom.
 15094 | D:10     | Found an ornate altar of the Wu Jian Council.
 15513 | D:11     | Reached skill level 16 in Stealth
 15788 | D:11     | Reached XP level 11. HP: 45/52 MP: 21/21
 15914 | D:11     | Found a staircase to the Lair.
 15962 | D:11     | Noticed a two-headed ogre
 15992 | D:11     | Killed a two-headed ogre
 15993 | D:11     | Reached skill level 1 in Shields
 16187 | D:11     | Noticed a deep elf pyromancer
 16204 | D:11     | Killed a deep elf pyromancer
 16205 | D:11     | Reached skill level 17 in Stealth
 16369 | Lair:1   | Entered Level 1 of the Lair of Beasts
 16788 | Lair:1   | Reached skill level 18 in Stealth
 17066 | Lair:1   | Reached skill level 5 in Poison Magic
 17142 | Lair:1   | Noticed Gastronok
 17186 | Lair:1   | Killed Gastronok
 17513 | Lair:1   | Reached skill level 19 in Stealth
 17552 | Lair:1   | Reached XP level 12. HP: 52/58 MP: 23/23
 17700 | Lair:1   | Learned a level 3 spell: Ignite Poison
 17990 | Lair:1   | Bought a potion of lignification for 42 gold pieces
 18036 | Lair:2   | Reached skill level 5 in Ice Magic
 18287 | Lair:2   | Reached skill level 20 in Stealth
 19114 | Lair:3   | Found a hole to the Spider Nest.
 19255 | Lair:3   | Found a staircase to the Swamp.
 19283 | Lair:3   | Slain by a tyrant leech

Illustrated notes

Levels and vault maps discovered:
D:1:      dpeg_arrival_caged_fury, layout_loops_ring,
          ebering_ecumenical_altar_hall
D:2:      layout_basic, basic_altar
D:3:      layout_basic
D:4:      layout_loops_ring
D:5:      layout_loops_ring, minivault_1, chequers_jeans,
          uniq_crazy_yiuf_cottage
D:6:      layout_loops_cross, lemuel_doored_altar,
          nicolae_qazlal_style_of_elements, serial_rivers,
          chequers_serial_rivers_marsh, chequers_serial_rivers_large_a,
          chequers_serial_rivers_room_a, chequers_serial_rivers_micro_e,
          chequers_serial_rivers_room_a, chequers_serial_rivers_micro_d,
          uniq_blork_the_orc
D:7:      layout_basic, lemuel_tele_altar, gammafunk_temple_overflow_claw,
          minmay_temple_entry_nine_rooms, serial_shops, nicolae_shop_crystal,
          st_stairs_4, guppyfry_early_elven_hall
D:8:      layout_cave_pools, mainiacjoe_overflow_alcove_2,
          kennysheep_vampire_church, serial_ice, serial_ice_e, serial_ice_n,
          serial_ice_j, serial_ice_h, uniq_pikel
D:9:      layout_layer_cave, mainiacjoe_overflow_alcove_4, okawaru_gym_becter,
          chequers_serial_rivers_micro_b
D:10:     layout_irregular_city, nicolae_tso_swordbearing_angel,
          gammafunk_temple_overflow_pools
D:11:     layout_rooms, lair_entry_dummy
Lair:1:   layout_chaotic_city, portal_ice_cave_entry_pillars_2, st_stairs_12,
          uniq_gastronok
Lair:2:   layout_regular_city, infiniplex_staircase_pool_2, grunt_megastairs_3
Lair:3:   layout_roguey, minmay_swamp_entry_worms, dummy_spider_entry

Skill      XL: |  1  2  3  4  5  6  7  8  9 10 11 12 |
---------------+-------------------------------------+-----
Stealth        | 6 7 8 9 11 14 16 19 20 | 20.4
Dodging        | 2 3 4 5 6 7 8 |  8.6
Short Blades   | 3 4 5 6 |  6.6
Hexes          | 1 2 3 4 6 7 8 |  8.0
Fighting       | 2 3 |  3.7
Spellcasting   | 1 3 4 5 6 7 |  7.8
Ice Magic      | 1 2 3 4 5 |  5.5
Transmutations | 1 3 4 5 6 7 8 |  8.0
Throwing       | 3 |  3.5
Poison Magic   | 1 2 3 4 5 6 |  6.0
Slings         | 1 2 |  2.5
Air Magic      | 1 2 |  2.0
Evocations     | 1 3 4 |  4.3
Shields        | 2 3 |  3.5
Fire Magic     | |  0.5

Action                   |  1- 3 |  4- 6 |  7- 9 | 10-12 || total
-------------------------+-------+-------+-------+-------++-------
Melee: Dagger            |   114 |   161 |   263 |       ||   538
       Punch             |       |     1 |     6 |     2 ||     9
       Short sword       |       |       |    10 |   508 ||   518
 Fire: Hunting sling     |       |    20 |    46 |       ||    66
Throw: Dart              |    26 |    37 |    19 |    30 ||   112
       Stone             |       |     1 |       |       ||     1
       Boomerang         |       |     8 |       |       ||     8
 Cast: Sting             |       |     6 |    12 |    43 ||    61
       Ensorcelled Hiber |       |     2 |    39 |    57 ||    98
       Poisonous Vapours |       |       |    18 |    36 ||    54
Invok: Call Merchant     |       |       |     1 |     1 ||     2
Evoke: Wand              |       |       |     7 |     3 ||    10
  Use: Potion            |       |     1 |     1 |     2 ||     4
       Scroll            |       |     3 |    13 |    10 ||    26
 Stab: Sleeping          |    11 |    15 |    30 |    60 ||   116
       Distracted        |       |     1 |     2 |    12 ||    15
Armor: Robe              |    15 |    20 |    44 |    58 ||   137
Dodge: Dodged            |    61 |   105 |   229 |   352 ||   747
Block: Other             |       |       |       |    35 ||    35
       Buckler           |       |       |       |   126 ||   126
